 Dungeon Crawl Stone Soup version 0.27.1-35-g4d5d836560 (webtiles) character file.

Game seed: 14535881878116365134

35 cbfl8 the Sneak (level 3, -4/33 HPs)
             Began as a Minotaur Delver on Mar 27, 2022.
             Slain by an orc (5 damage)
             ... on level 3 of the Dungeon.
             The game lasted 00:00:57 (480 turns).

cbfl8 the Sneak (Minotaur Delver)                    Turns: 480, Time: 00:00:57

Health: -4/33      AC:  3    Str: 17    XL:     3   Next: 16%
Magic:  2/2        EV: 12    Int:  7    God:
Gold:   42         SH:  0    Dex: 11    Spells: 2/2 levels left

rFire    . . .     SeeInvis .   a - +0 hand axe
rCold    . . .     Faith    .   (no shield)
rNeg     . . .     Spirit   .   b - +0 leather armour
rPois    .         Reflect  .   (helmet restricted)
rElec    .         Harm     .   (no cloak)
rCorr    .         Rampage  .   (no gloves)
Will     .....                  (no boots)
Stlth    ++........             (no amulet)
HPRegen  0.11/turn              (no ring)
MPRegen  0.08/turn              (no ring)

@: no status effects
A: horns 2, retaliatory headbutt
a: no special abilities


You were on level 3 of the Dungeon.
You visited 1 branch of the dungeon, and saw 4 of its levels.

You collected 42 gold pieces.

Inventory:

Hand Weapons
 a - a +0 hand axe (weapon)
Armour
 b - a +0 leather armour (worn)
Wands
 g - a wand of digging (3)
Scrolls
 c - a scroll of fog
 d - a scroll of magic mapping
Potions
 f - a potion of haste


   Skills:
 + Level 3.9 Fighting
 + Level 2.5 Axes
 + Level 0.3 Armour
 + Level 2.2 Dodging
 + Level 4.8 Stealth


You had 2 spell levels left.
You didn't know any spells.
Your spell library was empty.

Dungeon Overview and Level Annotations

Branches:
Dungeon (6/15)
 Temple: D:4-7

Altars:
Gozag


Innate Abilities, Weirdness & Mutations

You have a pair of horns on your head.
You reflexively headbutt those who attack you in melee.


Message History

The orc hits you with a +0 whip. The orc hits you with a +0 short sword.
You hit the orc. You headbutt the orc, but do no damage.
The orc is heavily wounded.
You closely miss the orc. The orc hits you but does no damage.
The orc misses you. You furiously retaliate!
You headbutt the orc. The orc hits you with a +0 whip.
You hit the orc.
You kill the orc!
You barely miss the orc. The orc misses you.
The orc hits you with a +0 morningstar.
You hit the orc.
The orc is heavily wounded.
You hit the orc but do no damage. The orc completely misses you.
The orc hits you with a +0 morningstar!
* * * LOW HITPOINT WARNING * * *
Okay, then.
Okay, then.
The orc hits you with a +0 whip.
* * * LOW HITPOINT WARNING * * *
The orc hits you with a +0 whip.
* * * LOW HITPOINT WARNING * * *
You barely miss the orc.
The orc is heavily wounded.
You hit the orc. The orc misses you.
You hit the orc. Your headbutt misses the orc.
The orc is severely wounded.
You hit the orc. x2; The orc closely misses you.
You furiously retaliate!
You headbutt the orc!
You kill the orc!
The orc barely misses you. You furiously retaliate!
You headbutt the orc.
You kill the orc!
The orc barely misses you.
You barely miss the orc. Your headbutt misses the orc.
The orc is almost dead.
You hit the orc. The orc closely misses you.
The orc hits you but does no damage.
You slash the orc!
You kill the orc!
You closely miss the orc. The orc hits you with a +0 hand axe.
You die...

####### #.....# ###
#.....### ##.##
#........ ..
##...###.....###
#..#...)o##........
#......@).)...###
....###.####.###.. ...
# #.# #.# #.# .. #.#
#.# #.. .. ##'## #.#
#.# .# ##...###.# #.#
.#
##.....##.###.##.####.
#.......#.............
#.........####...######


You could see an orc.

Vanquished Creatures
  An orc priest (D:5)
  4 orcs (D:3)
5 creatures vanquished.

Notes
Turn   | Place    | Note
-------+----------+-------------------------------------------
     0 | D:5      | cbfl8 the Minotaur Delver began the quest for the Orb.
     0 | D:5      | Reached XP level 1. HP: 19/19 MP: 0/0
     3 | D:5      | Noticed an orc priest
    14 | D:5      | Killed an orc priest
    15 | D:5      | Reached XP level 2. HP: 27/27 MP: 1/1
    15 | D:5      | Reached XP level 3. HP: 33/33 MP: 2/2
   131 | D:6      | Noticed an ice beast
   184 | D:6      | Noticed a sky beast
   185 | D:6      | Noticed a bullfrog
   214 | D:4      | Found an opulent altar of Gozag.
   426 | D:4      | Noticed an ogre
   476 | D:3      | HP: 1/33 [orc (1)]
   480 | D:3      | Slain by an orc

Illustrated notes

Levels and vault maps discovered:
D:3:      layout_loops_corners, ebering_ghost_sewer_f
D:4:      layout_rooms, nicolae_gozag_seed_capital, jmf_multi_god_temple2,
          temple_doors_ab
D:5:      layout_cave_pods, pdpol_wu_jian_five_deadly_venoms,
          nicolae_dithmenos_through_a_glass_darkly
D:6:      layout_cave_pools, minmay_strange_pillars

Action                   || total
-------------------------++-------
Melee: Hand axe          ||    14
       Headbutt          ||     2
  Use: Scroll            ||     1
Armor: Leather armour    ||     5
Dodge: Dodged            ||    14
